 Dungeon Crawl Stone Soup version 0.28-a0-1429-gf3d713df7a (webtiles) character file.

Game seed: 4122037131061400268

5 Foxy the Stinger (level 1, 0/15 HPs)
             Began as a Naga Venom Mage on Jan 9, 2022.
             Slain by a frilled lizard (3 damage)
             ... on level 1 of the Dungeon.
             The game lasted 00:00:37 (367 turns).

Foxy the Stinger (Naga Venom Mage)                   Turns: 367, Time: 00:00:38

Health: 0/15       AC:  1    Str: 10    XL:     1   Next: 80%
Magic:  1/3        EV:  9    Int: 15    God:
Gold:   9          SH:  0    Dex: 11    Spells: 3/4 levels left

rFire   . . .      SeeInvis +   (no weapon)
rCold   . . .      Faith    .   (no shield)
rNeg    . . .      Spirit   .   a - +0 robe
rPois   +          Reflect  .   (no helmet)
rElec   .          Harm     .   (no cloak)
rCorr   .          Rampage  .   (no gloves)
Will    .....                   (no barding)
Stlth   ++........              (no amulet)
HPRegen 0.05/turn               (no ring)
MPRegen 0.08/turn               (no ring)

@: short of breath, very slow
A: AC +0, large, see invisible, deformed body, poison resistance, slowness 2,
spit poison 1, naga tail 1
a: Spit Poison


You were on level 1 of the Dungeon.
You visited 1 branch of the dungeon, and saw 1 of its levels.

You collected 9 gold pieces.

Inventory:

Missiles
 d - 5 javelins
Armour
 a - a +0 robe (worn)
Scrolls
 c - a scroll of identify {unknown}
Potions
 b - 2 potions of degeneration {unknown}


   Skills:
 + Level 0.1 Fighting
 + Level 1.6 Dodging
 + Level 3.2 Stealth
 + Level 2.0 Spellcasting
 - Level 1.0 Transmutations
 * Level 4.2 Poison Magic


You had 3 spell levels left.
You knew the following spells:

 Your Spells              Type           Power      Damage    Failure   Level
a - Sting                 Tmut/Pois      36%        1d4       8%          1

Your spell library contained the following spells:

 Spells                   Type           Power      Damage    Failure   Level
 Poisonous Vapours        Pois/Air       14%        N/A       14%         2
 Mephitic Cloud           Conj/Pois/Air  5%         N/A       36%         3
 Olgreb's Toxic Radiance  Pois           14%        N/A       36%         4


Dungeon Overview and Level Annotations

Branches:
Dungeon (1/15)

Altars:


Innate Abilities, Weirdness & Mutations

Your serpentine skin is tough. (AC +0)
You have supernaturally acute eyesight. (SInv)
Armour fits poorly on your strangely shaped body.
Your system is resistant to poisons. (rPois)
You cover ground very slowly.
You can spit poison.
You have a snake-like lower body.


Message History

The sting misses the frilled lizard.
The frilled lizard closely misses you.
You barely miss the frilled lizard. The frilled lizard barely misses you.
You miss the frilled lizard. The frilled lizard bites you.
You hit the frilled lizard.
The frilled lizard is heavily wounded.
The frilled lizard bites you but does no damage.
You miss the frilled lizard.
The frilled lizard is heavily wounded.
The frilled lizard bites you.
You barely miss the frilled lizard.
The frilled lizard is heavily wounded.
The frilled lizard bites you.
You hit the frilled lizard.
You kill the frilled lizard!
The frilled lizard bites you.
The frilled lizard hisses angrily.
The frilled lizard bites you.
* * * LOW HITPOINT WARNING * * *
The frilled lizard hisses.
The frilled lizard bites you.
* * * LOW HITPOINT WARNING * * *
Casting: Sting (safe; 8% risk of failure)
Confirm with . or Enter, or press ? or * to list all spells.
Aiming: Sting (safe; 8% risk of failure)
Press: ? - help, Shift-Dir - straight line, f - frilled lizard
Aim: a frilled lizard (48% to hit)
The sting hits the frilled lizard.
The frilled lizard is poisoned.
You kill the frilled lizard!
Unknown command.
The frilled lizard barely misses you.
Aiming: Spit Poison (3% risk of failure)
Press: ? - help, Shift-Dir - straight line, f - frilled lizard
Aim: a frilled lizard The splash of poison hits the frilled lizard.
You kill the frilled lizard!
Unknown command.
There is a stone staircase leading down here.
You closely miss the frilled lizard. The frilled lizard bites you.
You die...

####### #.....############
#.....#..........#
#................#
###..............#
#..............# ####
#.........^....# #...
#..............########...
#........@l.†.†......†...:
#.........##......#####...
##.........##......# #...
#..........##.....## ....
#.##'#...#.##.....# .....
#.#..#.###........# lP#...
#.##.#.######.....#
.lP##..
##.##.#.#....'.....#P.l.
#.. #..##.#.#.####.....#


You could see a frilled lizard.

Vanquished Creatures
  A ball python (D:1)
  A bat (D:1)
  5 frilled lizards (D:1)
7 creatures vanquished.

Vanquished Creatures (others)
  9 plants (D:1)
9 creatures vanquished.

Grand Total: 16 creatures vanquished

Notes
Turn   | Place    | Note
-------+----------+-------------------------------------------
     0 | D:1      | Foxy the Naga Venom Mage began the quest for the Orb.
     0 | D:1      | Reached XP level 1. HP: 15/15 MP: 3/3
   284 | D:1      | Found a faded altar of an unknown god.
   367 | D:1      | Slain by a frilled lizard

Illustrated notes

Levels and vault maps discovered:
D:1:      dpeg_arrival_tiny_c, layout_basic,
          hellmonk_ecumenical_altar_leap_of_faith, minmay_lizard_king

Action                   || total
-------------------------++-------
Melee: Unarmed           ||    14
 Cast: Sting             ||     7
 Abil: Spit Poison       ||     1
Armor: Robe              ||     4
Dodge: Dodged            ||     9

Table legend: (Time is in decaauts)
 A = Elapsed time spent in this place.
 B = Non-inter-level travel time spent in this place.
 C = Inter-level travel time spent in this place.
 D = Time resting spent in this place.
 E = Time spent auto-exploring this place.
 F = Levels seen in this place.
 G = Mean time per level.
                   A        B        C        D        E       F      G
               +--------+--------+--------+--------+--------+-----+--------+
         Total |    457 |    457 |      0 |    109 |    276 |   1 |  457.0 |
       Dungeon |    457 |    457 |      0 |    109 |    276 |   1 |  457.0 |
               +--------+--------+--------+--------+--------+-----+--------+

Top non-repeatable levels by time:
     D:1: 457 daAuts
